 Dungeon Crawl Stone Soup version 0.30.0-29-ga12c61a403 (webtiles) character file.

Game seed: 8484008827117986278

253 Fodor the Covered (level 5, -1/47 HPs)
             Began as a Minotaur Fighter on June 20, 2023.
             Succumbed to a gnoll's poison
             ... on level 4 of the Dungeon.
             The game lasted 00:18:01 (3013 turns).

Fodor the Covered (Minotaur Fighter)                Turns: 3013, Time: 00:18:01

Health: -1/47      AC:  9    Str: 22    XL:     5   Next: 90%
Magic:  4/4        EV: 10    Int:  5    God:
Gold:   160        SH:  4    Dex: 10    Spells: 4/4 levels left

rFire   . . .        a - +0 long sword
rCold   . . .        c - +0 buckler
rNeg    . . .        b - +0 scale mail
rPois   .            (helmet restricted)
rElec   .            o - +0 cloak
rCorr   .            f - +0 pair of gloves
SInv    .            (no boots)
Will    .....        (no amulet) Stlth
                     (no ring)
HPRegen 0.27/turn    (no ring)
MPRegen 0.09/turn

%: no passive effects
@: lethally poisoned (-1 -> -25), about to teleport
A: horns 2, retaliatory headbutt
a: no special abilities


You were on level 4 of the Dungeon.
You visited 1 branch of the dungeon, and saw 4 of its levels.

You collected 160 gold pieces.

Inventory:

Hand Weapons
 a - a +0 long sword (weapon)
Missiles
 g - 5 poisoned darts (quivered)
 r - 5 boomerangs
Armour
 b - a +0 scale mail (worn)
 c - a +0 buckler (worn)
 f - a +0 pair of gloves (worn)
 o - a +0 cloak (worn)
 p - a +0 pair of boots
Jewellery
 l - an amulet of faith
Wands
 v - a wand of roots (5)
Scrolls
 h - 3 scrolls of blinking {unknown}
 j - a scroll of vulnerability {unknown}
 m - 2 scrolls of noise {unknown}
 s - a scroll of magic mapping {unknown}
 t - a scroll of poison {unknown}
 u - a scroll of identify {unknown}
 x - a scroll of brand weapon {unknown}
Potions
 d - a potion of might
 e - a potion of lignification {unknown}
 i - a potion of mutation {unknown}
 k - a potion of haste {unknown}
 n - 2 potions of attraction {unknown}
 q - a potion of degeneration {unknown}


   Skills:
 + Level 4.6 Fighting
 + Level 4.3 Long Blades
 + Level 0.2 Throwing
 + Level 4.9 Armour
 + Level 2.0 Dodging
 + Level 0.2 Stealth
 + Level 4.7 Shields


You had 4 spell levels left.
You didn't know any spells.
Your spell library contained the following spells:

 Spells                   Type           Power      Damage    Failure   Level
 Dazzling Flash           Conj/Hex       0%         N/A       99%         3
 Agony                    Necr           0%         N/A       100%        5
 Silence                  Hex/Air        0%         N/A       100%        5


Dungeon Overview and Level Annotations

Branches:
Dungeon (4/15)
 Temple: D:4-7

Altars:

Shops:
D:2 *

Annotations:
D:4 1 transporter


Innate Abilities, Weirdness & Mutations

You have a pair of horns on your head.
You reflexively headbutt those who attack you in melee.


Message History

The gnoll hits you but does no damage. The gnoll hits you with a +0 spear.
You closely miss the gnoll. The gnoll closely misses you.
You block the gnoll's attack.
The gnoll hits you from afar with a +0 halberd!
You slash the gnoll!
The gnoll is severely wounded.
You block the gnoll's attack. The gnoll hits you with a +0 spear.
The gnoll barely misses you.
You barely miss the gnoll.
The gnoll is severely wounded.
The gnoll hits you but does no damage.
The gnoll hits you from afar with a +0 halberd!
The gnoll hits you but does no damage.
You are poisoned.
The gnoll closely misses you. The gnoll hits you but does no damage.
The gnoll hits you with a +0 halberd.
You hit the gnoll but do no damage.
You headbutt the gnoll, but do no damage.
You feel very sick. The gnoll closely misses you.
The gnoll hits you but does no damage. You block the gnoll's attack.
The gnoll barely misses you.
You slash the gnoll! You headbutt the gnoll!
You kill the gnoll!
You feel sick. The gnoll hits you but does no damage.
You are more poisoned.
The gnoll hits you with a +0 club. You block the gnoll's attack.
The gnoll hits you with a +0 club. The gnoll closely misses you. x2
You completely miss the gnoll.
* * * LOW HITPOINT WARNING * * *
You feel very sick. The gnoll hits you but does no damage.
You are lethally poisoned!
The gnoll hits you with a +0 club.
* * * LOW HITPOINT WARNING * * *
The gnoll closely misses you.
The gnoll hits you from afar with a +0 spear.
* * * LOW HITPOINT WARNING * * *
As you read the scroll of teleportation, it crumbles to dust.
You feel strangely unstable.
You die...

# #.≈≈≈≈≈≈≈≈≈≈≈≈~≈≈≈≈≈≈≈≈≈≈≈≈.#
. #.≈≈#####...........#####≈≈.#
###.≈≈#.#.#.###.©.###.#.#.#≈≈.#
....≈≈#g..###g#####©###...#≈≈.#
....≈≈###...............###≈≈.#
..#.≈≈.8#.######'###'##.#8.≈≈.##
..#.≈≈.##.# #8g.#...#.##.≈≈..#
....~~.#..' #⌠©g....'..#.~~..#
....≈≈.##.#$ #8@g#...#.##.≈≈..#
....≈≈.8#.######'###'##.#8.≈≈..#
....≈≈###.......g.......###≈≈..#
....≈≈#...###.#####.###..g#≈≈..#
....≈≈#.#.#.###.©.###.#.#.#≈≈..#
....≈≈#####...........#####≈≈..#
....≈≈≈≈≈≈≈≈≈≈≈...≈≈≈≈≈≈≈≈≈≈≈..#
....≈≈≈≈≈≈≈≈≈≈≈...≈≈≈≈≈≈≈≈≈≈≈..#
...............................#


You could see 4 gnolls.

Vanquished Creatures
  2 scorpions (D:4)
  A gnoll (D:4)
  5 adders
  A worm (D:2)
  6 ball pythons
  6 endoplasms
  6 giant cockroaches
  9 goblins
  4 hobgoblins
  9 jackals
  9 kobolds
  3 quokkas
  3 bats
  2 frilled lizards (D:3)
  5 rats
71 creatures vanquished.

Notes
Turn   | Place    | Note
-------+----------+-------------------------------------------
     0 | D:1      | Fodor the Minotaur Fighter began the quest for the Orb.
     0 | D:1      | Reached XP level 1. HP: 19/19 MP: 0/0
   315 | D:1      | Reached XP level 2. HP: 27/27 MP: 1/1
   719 | D:1      | Reached XP level 3. HP: 33/33 MP: 2/2
  1364 | D:2      | Found Vyucuh's Assorted Antiques.
  1427 | D:2      | Reached XP level 4. HP: 40/40 MP: 3/3
  1452 | D:2      | Reached skill level 1 in Dodging
  2633 | D:4      | Noticed a scorpion
  2634 | D:4      | Found a transporter.
  2647 | D:4      | Killed a scorpion
  2648 | D:4      | Reached XP level 5. HP: 11/47 MP: 4/4
  2919 | D:4      | Found a transporter.
  3013 | D:4      | Succumbed to a gnoll's poison

Illustrated notes

Levels and vault maps discovered:
D:1:      sevenhm_arrival_forest_fort_large_4, layout_basic,
          chequers_serial_rivers_large_a
D:2:      layout_rooms, serial_shops, shop
D:3:      layout_rooms, st_stairs_5, small_statue_intersection,
          serial_bayou_pond_e, kennysheep_donut, kennysheep_generic_room_3
D:4:      kennysheep_big_flooded_room, layout_cave_pools, trog_wizard,
          gammafunk_ghost_gnarly_gnolls, minmay_crystal_water,
          minmay_ogre_servants

Skill      XL: |  1  2  3  4  5 |
---------------+----------------+-----
Shields        | 4 |  4.7
Fighting       | 4 |  4.6
Armour         | 4 |  4.9
Long Blades    | 3 4 |  4.3
Dodging        | 1 2 |  2.0
Throwing       | |  0.2
Stealth        | |  0.2

Action                     |  1- 3 |  4- 6 || total
---------------------------+-------+-------++-------
  Melee: Long sword        |    96 |    93 ||   189
         Headbutt          |    11 |    14 ||    25
  Throw: Dart              |       |     3 ||     3
    Use: Scroll            |     1 |     1 ||     2
 Armour: Scale mail        |    74 |    63 ||   137
  Dodge: Dodged            |    57 |    70 ||   127
  Block: Buckler           |    39 |    27 ||    66
